 Dungeon Crawl Stone Soup version 0.28.0-53-g5a82cb258f (webtiles) character file.

Game seed: 14203873134228716970

25 styxcanada the Sneak (level 2, -3/14 HPs)
             Began as a Spriggan Brigand on July 3, 2022.
             Slain by a gnoll
             ... wielding a +0 flail of venom
              (10 damage)
             ... on level 2 of the Dungeon.
             The game lasted 00:03:08 (1170 turns).

styxcanada the Sneak (Spriggan Brigand)             Turns: 1170, Time: 00:03:09

Health: -3/14      AC:  3    Str:  7    XL:     2   Next: 82%
Magic:  3/3        EV: 16    Int: 12    God:
Gold:   60         SH:  0    Dex: 16    Spells: 1/1 levels left

rFire   . . .      SeeInvis +   a - +2 dagger
rCold   . . .      Faith    .   (no shield)
rNeg    . . .      Spirit   .   b - +0 robe
rPois   .          Reflect  .   (helmet restricted)
rElec   .          Harm     .   c - +0 cloak
rCorr   .          Rampage  .   (gloves unavailable)
Will    .....                   (boots unavailable)
Stlth   ++++......              (no amulet)
HPRegen 0.04/turn               (no ring)
MPRegen 0.08/turn               (no ring)

@: lethally poisoned (-3 -> -11), very quick
A: very small, no large weapons, unfitting armour, see invisible, speed 3
a: no special abilities


You were on level 2 of the Dungeon.
You visited 1 branch of the dungeon, and saw 2 of its levels.

You collected 60 gold pieces.

Inventory:

Hand Weapons
 a - a +2 dagger (weapon)
 f - a +0 hunting sling
Missiles
 d - 14 poisoned darts (quivered)
 e - 2 curare-tipped darts
 h - 54 stones
 n - 24 sling bullets
Armour
 b - a +0 robe (worn)
 c - a +0 cloak (worn)
Scrolls
 g - a scroll of teleportation {unknown}
 i - a scroll of enchant weapon {unknown}
 l - a scroll of identify {unknown}
 m - a scroll of magic mapping {unknown}
Potions
 j - 2 potions of magic {unknown}
 k - a potion of curing {unknown}


   Skills:
 * Level 1.6 Fighting
 + Level 2.3 Short Blades
 + Level 2.0 Throwing
 * Level 1.8 Dodging
 * Level 7.1 Stealth


You had one spell level left.
You didn't know any spells.
Your spell library was empty.

Dungeon Overview and Level Annotations

Branches:
Dungeon (2/15)

Altars:

Shops:
D:1 :


Innate Abilities, Weirdness & Mutations

You are very small and have problems with some larger weapons.
You are too small for most types of armour.
You have supernaturally acute eyesight. (SInv)
You cover ground extremely quickly. (Speed+++)


Message History

You enter the shallow water.
Moving in this stuff is going to be slow.
There is a stone staircase leading down here.
You open the door.
Found Faveynlu's Book Emporium.
There is an open door here.
There is an entrance to Faveynlu's Book Emporium here.
There is an open door here.
You see here a +0 hunting sling.
The goblin shouts!
A goblin is nearby!
The goblin barely misses you.
You hit the goblin.
You kill the goblin!
Things that are here:
a +0 dagger; a goblin corpse Done exploring.
(D) Dungeon
Where to? (? - help)
What level of the Dungeon? (default 1, ? - help)
You see here a +0 mace.
There is a stone staircase leading down here.
You climb downwards.
There is a stone staircase leading up here.
You open the door.
A gnoll and 2 jackals come into view.
The gnoll is wielding a +0 flail of venom.
There is an open door here.
The gnoll hits you with a +0 flail of venom.
You are lethally poisoned!
The jackal completely misses you.
You closely miss the jackal.
You feel very sick.
The jackal misses you. x2; The gnoll barely misses you.
The jackal misses you.
You hit the jackal.
The jackal is moderately wounded.
You feel sick. The jackal completely misses you. x2
The gnoll hits you with a +0 flail of venom!
Ouch! That really hurt!
You die...

##............###
#................
###...............#
#................#
#.#..............#
#...#####........#
#...#...#.......#
#..P#hg.#......##
#...'@h.##.#####
##.P#+#+##.# #..#
#.# ###. #..#
#.#####.... ####
#.........#
##.........
#.........
#.........
#.<.......


You could see a gnoll and 2 jackals.

Vanquished Creatures
  A dart slug (D:1)
  2 ball pythons (D:1)
  3 bats (D:1)
  3 endoplasms (D:1)
  4 goblins (D:1)
  2 hobgoblins (D:1)
  2 kobolds (D:1)
  4 rats (D:1)
21 creatures vanquished.

Notes
Turn   | Place    | Note
-------+----------+-------------------------------------------
     0 | D:1      | styxcanada the Spriggan Brigand began the quest for the
                  | Orb.
     0 | D:1      | Reached XP level 1. HP: 10/10 MP: 2/2
    55 | D:1      | Reached skill level 6 in Stealth
   218 | D:1      | Reached XP level 2. HP: 11/14 MP: 3/3
   790 | D:1      | Reached skill level 7 in Stealth
   821 | D:1      | Found a faded altar of an unknown god.
  1013 | D:1      | Found Faveynlu's Book Emporium.
  1170 | D:2      | Slain by a gnoll

Illustrated notes

Levels and vault maps discovered:
D:1:      dpeg_arrival_castle, layout_basic,
          shapermc_ecumenical_altar_mp_urbaneastern, serial_shops,
          nicolae_shop_behind_doors, minmay_tree_intersection
D:2:      layout_rooms, basic_altar, cheibrodos_gnoll_hut, uniq_terence

Skill      XL: |  1  2 |
---------------+-------+-----
Stealth        | 6 7 |  7.1
Fighting       | |  1.6
Short Blades   | |  2.3
Throwing       | |  2.0
Dodging        | |  1.8

Action                   || total
-------------------------++-------
Melee: Dagger            ||    45
 Stab: Sleeping          ||     8
Armor: Robe              ||     6
Dodge: Dodged            ||    34
